 Dungeon Sprint DCSS version 0.28.0-53-g5a82cb258f (webtiles) character file.

Game seed: 15136632150008334515

635 Zeld the Thaumaturge (level 7, -13/36 HPs)
             Began as a Deep Elf Conjurer on June 5, 2022.
             Was a Follower of Sif Muna.
             Mangled by an orc warrior
             ... wielding a +0 flail
              (20 damage)
             ... in the Dungeon (Sprint IX: "|||||||||||||||||||||||||||||").
             The game lasted 00:01:33 (1267 turns).

Zeld the Thaumaturge (Deep Elf Conjurer)            Turns: 1267, Time: 00:01:34

Health: -13/36     AC:  2    Str:  4    XL:     7   Next: 25%
Magic:  14/24      EV: 15    Int: 25    God:    Sif Muna [*.....]
Gold:   0          SH:  0    Dex: 13    Spells: 27/30 levels left

rFire   . . .      SeeInvis .   h - +0 short sword
rCold   . . .      Faith    .   (no shield)
rNeg    . . .      Spirit   .   a - +0 robe
rPois   .          Reflect  .   (no helmet)
rElec   .          Harm     .   (no cloak)
rCorr   .          Rampage  .   (no gloves)
Will    .....      NoTele   +   (no boots)
Stlth   +++.......              (no amulet)
HPRegen 0.12/turn               (no ring)
MPRegen 0.19/turn               (no ring)

@: hasted, very quick
A: no striking features
a: Renounce Religion, Channel Magic


You were in the Dungeon.
You worshipped Sif Muna.
Sif Muna was aware of your devotion.
You visited 1 branch

Inventory:

Hand Weapons
 h - a +0 short sword (weapon)
Armour
 a - a +0 robe (worn)
Potions
 e - a potion of magic
 f - a potion of berserk rage


   Skills:
 - Level 8.0 Dodging
 + Level 6.0 Stealth
 * Level 12.4 Spellcasting
 + Level 9.6 Conjurations
 - Level 2.0 Hexes
 - Level 2.0 Translocations
 * Level 6.5 Invocations


You had 27 spell levels left.
You knew the following spells:

 Your Spells              Type           Power      Damage    Failure   Level
a - Magic Dart            Conj           100%       1d8       1%          1
b - Searing Ray           Conj           100%       2d8       1%          2

Your spell library contained the following spells:

 Spells                   Type           Power      Damage    Failure   Level
 Dazzling Flash           Conj/Hex       88%        N/A       1%          3
 Fulminant Prism          Conj/Hex       22%        3d13      3%          4
 Iskenderun's Mystic Bla  Conj/Tloc      44%        2d10      3%          4


Dungeon Overview and Level Annotations

Branches:
Dungeon (1/1)

Altars:
Cheibriados
Dithmenos
Elyvilon
Fedhas
Gozag
Hepliaklqana
Kikubaaqudgha
Makhleb
Nemelex Xobeh
Okawaru
Qazlal
Ru
Sif Muna
Trog
Uskayaw
Vehumet
Wu Jian
Xom
Yredelemnul
Zin
The Shining One
Beogh
Jiyva
Lugonu


Message History

The searing ray hits the troll!
You kill the troll!
Sif Muna accepts your kill.
You can now call upon Sif Muna for magical energy.
The troll leather armour is intact enough to wear.
The searing ray misses the killer bee.
You feel sick.
You are no longer poisoned.
The orc warrior hits you with a +0 flail!
Ouch! That really hurt!
* * * LOW HITPOINT WARNING * * *
Your Stealth skill gained 2 levels and is now at level 6!
Your Spellcasting skill increases to level 12!
Your Invocations skill gained 2 levels and is now at level 6!
You have reached level 7!
The searing ray hits the orc warrior.
The orc warrior is severely wounded.
The searing ray misses the killer bee.
The searing ray hits the centaur!
The centaur is heavily wounded.
You finish channelling your searing ray.
The orc warrior hits you with a +0 flail.
* * * LOW HITPOINT WARNING * * *
Unknown command.
You see here a +1 chain mail.
Items here: )))))) /.
Things that are here:
2 scrolls of amnesia; a scroll of blinking
Items here: !!!!.
There is an open door here.
There is a glowing golden altar of the Shining One here.
There is a glowing silver altar of Zin here.
There is a basalt altar of Yredelemnul here.
There is a shimmering altar of Xom here.
There is an ornate altar of the Wu Jian Council here.
There is a radiant altar of Vehumet here.
There is a hide-covered altar of Uskayaw here.
There is a bloodstained altar of Trog here.
You feel yourself speed up.
The orc warrior hits you with a +0 flail!!
Ouch! That really hurt!
You die...

▓'▓
▓_▓
▓_▓
▓_▓
▓_▓
▓c▓
▓y▓
▓o▓
▓@▓
▓_▓
▓_▓
▓_▓
▓_▓
▓_▓
▓_▓
▓_▓
▓_▓


You could see an orc warrior, a centaur and a killer bee.

Vanquished Creatures
  A troll (D)
  A hornet (D)
  A water moccasin (D)
  A scorpion (D)
  A killer bee (D)
  An orc wizard (D)
  An adder skeleton (D)
  A hobgoblin (D)
  A ball python (D)
  A ball python skeleton (D)
  A bat (D)
  A kobold (D)
  A rat (D)
13 creatures vanquished.

Notes
Turn   | Place    | Note
-------+----------+-------------------------------------------
     0 | D        | Zeld the Deep Elf Conjurer began the quest for the Orb.
     0 | D        | Reached XP level 1. HP: 10/10 MP: 6/6
     5 | D        | Reached skill level 1 in Hexes
     8 | D        | Reached skill level 1 in Translocations
   320 | D        | Noticed an orc wizard
   320 | D        | Noticed a water moccasin
   320 | D        | Noticed a scorpion
   471 | D        | Reached XP level 2. HP: 15/15 MP: 5/8
   476 | D        | Learned a level 2 spell: Searing Ray
   670 | D        | Killed a scorpion
   671 | D        | Reached skill level 5 in Dodging
   671 | D        | Reached skill level 6 in Spellcasting
   671 | D        | Reached XP level 3. HP: 17/19 MP: 1/12
   891 | D        | Killed a water moccasin
   892 | D        | Reached skill level 8 in Spellcasting
   892 | D        | Reached XP level 4. HP: 9/24 MP: 7/16
   892 | D        | Reached XP level 5. HP: 10/28 MP: 7/18
  1194 | D        | Found a snail-covered altar of Cheibriados.
  1194 | D        | Found a shadowy altar of Dithmenos.
  1194 | D        | Found a white marble altar of Elyvilon.
  1194 | D        | Found a blossoming altar of Fedhas.
  1194 | D        | Found an opulent altar of Gozag.
  1195 | D        | Found a hazy altar of Hepliaklqana.
  1196 | D        | Found a viscous altar of Jiyva.
  1197 | D        | Found an ancient bone altar of Kikubaaqudgha.
  1198 | D        | Found a corrupted altar of Lugonu.
  1199 | D        | Found a burning altar of Makhleb.
  1200 | D        | Found a sparkling altar of Nemelex Xobeh.
  1201 | D        | Found an iron altar of Okawaru.
  1202 | D        | Found a stormy altar of Qazlal.
  1203 | D        | Found a sacrificial altar of Ru.
  1204 | D        | Found a shimmering blue altar of Sif Muna.
  1205 | D        | Found a bloodstained altar of Trog.
  1206 | D        | Found a hide-covered altar of Uskayaw.
  1207 | D        | Found a radiant altar of Vehumet.
  1208 | D        | Found an ornate altar of the Wu Jian Council.
  1209 | D        | Found a shimmering altar of Xom.
  1210 | D        | Found a basalt altar of Yredelemnul.
  1211 | D        | Found a glowing silver altar of Zin.
  1212 | D        | Became a worshipper of Sif Muna the Loreminder
  1213 | D        | Found a glowing golden altar of the Shining One.
  1242 | D        | Noticed a centaur
  1242 | D        | Noticed a troll
  1242 | D        | Noticed an orc warrior
  1242 | D        | Noticed a hornet
  1248 | D        | Killed a hornet
  1249 | D        | Reached skill level 11 in Spellcasting
  1249 | D        | Reached XP level 6. HP: 23/32 MP: 13/22
  1249 | D        | Killed a troll
  1249 | D        | Reached * piety under Sif Muna
  1250 | D        | Reached skill level 12 in Spellcasting
  1250 | D        | Reached XP level 7. HP: 7/36 MP: 12/24
  1267 | D        | Mangled by an orc warrior

Illustrated notes

Levels and vault maps discovered:
D:        linesprint [early_d, line_temple, items_1, d_10, items_2, lair_1,
          lair_end, items_3, orc_1, orc_end, items_4, d_15, swamp_1, shoals_1,
          snake_1, spider_1, d_20, vaults_1, items_5, swamp_end, shoals_end,
          snake_end, spider_end, vaults_end, d_27, items_6, zot_1, zot_end,
          crypt_end, forest_end, elf_end, slime_end, tomb_end, abyss_end,
          pan_hell_end]

Skill      XL: |  1  2  3  4  5  6 |
---------------+-------------------+-----
Hexes          | 2 |  2.0
Translocations | 2 |  2.0
Dodging        | 5 7 8 |  8.0
Spellcasting   | 6 8 11 12 | 12.4
Conjurations   | 6 8 9 |  9.6
Stealth        | 4 6 |  6.0
Invocations    | 4 6 |  6.5

Action                   |  1- 3 |  4- 6 |  7- 9 || total
-------------------------+-------+-------+-------++-------
Melee: Short sword       |     2 |       |       ||     2
 Cast: Magic Dart        |    13 |       |       ||    13
       Searing Ray       |     3 |     2 |       ||     5
  Use: Potion            |     1 |     2 |     1 ||     4
       Scroll            |     1 |       |       ||     1
Armor: Robe              |     1 |       |       ||     1
Dodge: Dodged            |    14 |     8 |       ||    22
